[Event "Early-Titled-Tuesday-Blitz-February-20-2024"]
[Site "Chess.com"]
[Date "2024.02.20"]
[Round "7"]
[White "hansen"]
[Black "Goryachkina"]
[Result "1-0"]
[WhiteElo "2912"]
[BlackElo "2705"]
[TimeControl "180+1"]
[EndTime "9:19:10 PST"]
[Termination "hansen won on time"]

1. e4 c5 2. Nf3 e6 3. Nc3 Nc6 4. Bb5 Nd4 5. Bd3 a6 6. O-O b5 7. Nxd4 cxd4 8. Ne2 Bc5 9. c3 dxc3 10. dxc3 Ne7 11. Nd4 Bb7 12. Qh5 Bb6 13. Be3 Ng6 14. a4 O-O 15. axb5 axb5 16. Qxb5 Bxd4 17. Bxd4 Bc6 18.
Qh5 f6 19. Qg4 e5 20. Bc5 Rxa1 21. Rxa1 d6 22. Qe6+ Kh8 23. Be3 Re8 24. Qc4 Bb7 25.
Ra7 Bc8 26. Qc7 Qxc7 27. Rxc7 Be6 28. f3 Ra8 29. Ba7 Nf4 30. Bf1 h5 31. h4 g5 32.
hxg5 fxg5 33. b4 g4 34. fxg4 Bxg4 35. b5 Ne2+ 36. Bxe2 Bxe2 37. b6 1-0

[Event "Early-Titled-Tuesday-Blitz-February-20-2024"]
[Site "Chess.com"]
[Date "2024.02.20"]
[Round "7"]
[White "ContrVersia"]
[Black "Polish_fighter3000"]
[Result "0-1"]
[WhiteElo "2834"]
[BlackElo "3052"]
[TimeControl "180+1"]
[EndTime "9:19:11 PST"]
[Termination "Polish_fighter3000 won on time"]

1. Nf3 d5 2. c4 d4 3. b4 f6 4. e3 e5 5. c5 a5 6. Qa4+ Bd7 7. b5 Bxc5 8. Bc4 Ne7 9. exd4 exd4 10. O-O Bg4 11.
Ba3 Nd7 12. Re1 Bxf3 13. gxf3 Nb6 14. Qc2 Bxa3 15. Nxa3 Qd6 16. Be6 d3 17. Qc3 Na4 18. Qc4 Nc5 19. Bh3 b6 20. Re3 Kf8 21. Rae1 Nd5 22.
Re6 Nxe6 23. Rxe6 Qc5 24. Qe4 Rd8 25. Nc4 g6 26. Ne3 Kg7 27. Rc6 Qxb5 28. Rxc7+ Nxc7 29. Qe7+ Kh6 30. Ng4+ Kg5 31. Qxf6+ Kh5 32. Ne5 Rhf8 0-1

[Event "Early-Titled-Tuesday-Blitz-February-20-2024"]
[Site "Chess.com"]
[Date "2024.02.20"]
[Round "7"]
[White "averageFM"]
[Black "alexrustemov"]
[Result "0-1"]
[WhiteElo "2621"]
[BlackElo "2895"]
[TimeControl "180+1"]
[EndTime "9:19:13 PST"]
[Termination "alexrustemov won by resignation"]

1. d4 g6 2. e4 Bg7 3. Nf3 d6 4. Be2 Nf6 5. Nc3 O-O 6. O-O Bg4 7. h3 Bxf3 8. Bxf3 Nc6 9. Ne2 Nd7 10.
g4 e5 11. d5 Ne7 12. Bg2 f5 13. Bg5 f4 14. f3 Bf6 15. Bxf6 Rxf6 16. c4 a5 17. Nc3 g5 18. a3 h5 19. b4 b6 20.
Qd2 Rh6 21. Qf2 Kg7 22. Na4 hxg4 23. hxg4 Ng6 24. c5 axb4 25. axb4 bxc5 26. bxc5 Nf6 27. cxd6 cxd6 28. Nb6 Rxa1 29. Rxa1 Rh7 30. Ra8 Qc7 31.
Rc8 Qb7 32. Rc6 Ne8 33. Qc2 Kh6 34. Nc4 Rd7 35. Bf1 Nh4 36. Be2 Qb4 37. Kf2 Ra7 38. Nxe5 Qd4+ 39. Ke1 Ra1+ 40. Bd1 Ng2+ 41. Kf1 Ne3+ 0-1

[Event "Early-Titled-Tuesday-Blitz-February-20-2024"]
[Site "Chess.com"]
[Date "2024.02.20"]
[Round "7"]
[White "Oleksandr_Bortnyk"]
[Black "Elsa167"]
[Result "1-0"]
[WhiteElo "3070"]
[BlackElo "2894"]
[TimeControl "180+1"]
[EndTime "9:19:14 PST"]
[Termination "Oleksandr_Bortnyk won by resignation"]

1. e4 c6 2. c4 d6 3. d4 g6 4. Nc3 Bg7 5. g3 e5 6. Be3 Nf6 7. h3 exd4 8. Bxd4 O-O 9. Bg2 Be6 10.
b3 c5 11. Be3 Ng4 12. Bd2 Ne5 13. Qb1 Nec6 14. Nge2 Nd4 15. Nxd4 cxd4 16. Ne2 Nc6 17. O-O a6 18. f4 f5 19. Kh2 Qd7 20. Ng1 fxe4 21. Qxe4 Rae8 22. Qf3 g5 23. Qh5 g4 24.
Rae1 Bf5 25. hxg4 Bxg4 26. Qh4 Bf6 27. Qh6 Bg7 28. Bd5+ Kh8 29. Qh4 Bf6 30. Rxe8 Bxh4 31. Rxf8+ Kg7 32. Rf7+ Qxf7 33. Bxf7 1-0

[Event "Early-Titled-Tuesday-Blitz-February-20-2024"]
[Site "Chess.com"]
[Date "2024.02.20"]
[Round "7"]
[White "GoltsevDmitry2000"]
[Black "Casablanca"]
[Result "1/2-1/2"]
[WhiteElo "2777"]
[BlackElo "2620"]
[TimeControl "180+1"]
[EndTime "9:19:15 PST"]
[Termination "Game drawn by repetition"]

1. e4 c5 2. Nf3 d6 3. d4 cxd4 4. Nxd4 Nf6 5. Nc3 g6 6. Be2 Bg7 7. O-O O-O 8. Be3 Nc6 9. Qd2 d5 10. exd5 Nxd5 11. Nxd5 Nxd4 12. Bxd4 Qxd5 13. c3 Bxd4 14.
Qxd4 Qxd4 15. cxd4 Rd8 16. Rfd1 Be6 17. Bf3 Bd5 18.
Bxd5 Rxd5 19. Rac1 Rad8 20. Rc7 R8d7 21. Rxd7 Rxd7 22.
Kf1 e6 23. Ke2 Kf8 24. Kd3 Ke7 25. Rc1 h5 26. f4 Kf6 27. Ke4 Rd5 28. Rc5 Rd6 29. g3 Rd7 30. h3 Ke7 31. b4 Kd6 32. d5 Re7 33. Kd4 e5+ 34. fxe5+ Rxe5 35. Rc8 Rxd5+ 36.
Kc4 Rg5 37. Rd8+ Kc6 38. Rf8 Rf5 39. a4 a6 40. a5 h4 41. gxh4 Rf4+ 42. Kc3 Rxh4 43.
Rxf7 Rxh3+ 44. Kc4 Rh4+ 45. Kc3 Rg4 46. Rf6+ Kc7 47.
Rf7+ Kc6 48. Rf6+ Kc7 49. Rf7+ Kb8 50. Rg7 g5 51. Kb3 Kc8 52. Kc3 Kb8 53. Kb3 Kc8 54. Kc3 Kb8 1/2-1/2

[Event "Early-Titled-Tuesday-Blitz-February-20-2024"]
[Site "Chess.com"]
[Date "2024.02.20"]
[Round "7"]
[White "HanSchut"]
[Black "wanyaland"]
[Result "1/2-1/2"]
[WhiteElo "2293"]
[BlackElo "2491"]
[TimeControl "180+1"]
[EndTime "9:19:19 PST"]
[Termination "Game drawn by repetition"]

1. e4 c5 2. Nf3 e6 3. c4 a6 4. Nc3 Nc6 5. Be2 Nf6 6. O-O Qc7 7. d4 cxd4 8. Nxd4 Bb4 9. Qd3 b6 10.
a3 Bxc3 11. bxc3 Bb7 12. Nxc6 Bxc6 13. f3 O-O 14. Be3 d5 15. cxd5 exd5 16. e5 Qxe5 17. Bd4 Qg5 18. Bxb6 Bb5 19. Qd1 Bxe2 20. Qxe2 Rfe8 21. Qd3 Nh5 22. Kh1 Qxg2+ 23. Kxg2 Nf4+ 24. Kg3 Nxd3 25. Rad1 Nb2 26. Rxd5 Nc4 27. Bd4 Nxa3 28. Ra1 Nc2 29. Ra2 Nxd4 30. cxd4 Re6 31.
Rda5 h6 32. d5 Rd6 33. Kf4 Re8 34. R2a4 g5+ 35. Kg4 Kg7 36. f4 f6 37. fxg5 hxg5 38.
h4 gxh4 39. Kxh4 Re5 40. Rxa6 Rxa6 41. Rxa6 Rxd5 42. Kg4 Kg6 43. Ra4 Rg5+ 44. Kf4 Rg1 45. Rb4 Rf1+ 46. Kg4 f5+ 47. Kg3 Kg5 48. Kg2 Rf4 49. Rxf4 Kxf4 50. Kf2 Kg4 51. Kg2 f4 52. Kf2 Kg5 53. Kf3 Kf5 54. Kf2 Ke4 55. Ke2 f3+ 56. Kf2 Kf4 57. Kf1 Kg4 58. Kf2 Kf4 59. Kf1 Ke4 60.
Kf2 Kf4 1/2-1/2

[Event "Early-Titled-Tuesday-Blitz-February-20-2024"]
[Site "Chess.com"]
[Date "2024.02.20"]
[Round "7"]
[White "Zallio"]
[Black "atalz0"]
[Result "1-0"]
[WhiteElo "2161"]
[BlackElo "2371"]
[TimeControl "180+1"]
[EndTime "9:19:20 PST"]
[Termination "Zallio won by checkmate"]

1. d4 Nf6 2. Nf3 e6 3. e3 Be7 4.
Be2 O-O 5. O-O b6 6. b3 Bb7 7. Bb2 d5 8. Nbd2 c5 9. c4 Nc6 10. Rc1 cxd4 11. exd4 Rc8 12. Re1 dxc4 13. bxc4 Qc7 14.
Qa4 Rfd8 15. Bd3 Qf4 16. h3 Bd6 17. g3 Qh6 18. Kg2 Bb4 19. Ne4 Bxe1 20. Rxe1 Na5 21. Bc1 Qh5 22. Nxf6+ gxf6 23. Be4 Bxe4 24. Rxe4 Nxc4 25.
Qxa7 Qd5 26. Rg4+ Kh8 27. Bh6 Rg8 28. Qxf7 Rxg4 29. Qxf6+ Kg8 30. hxg4 Qd7 31. Qg5+ Kh8 32. Qf6+ Kg8 33. Ng5 Qb7+ 34. Kh2 Nd6 35. Qxe6+ Kh8 36.
Qxd6 Rc1 37. Qf8# 1-0

[Event "Early-Titled-Tuesday-Blitz-February-20-2024"]
[Site "Chess.com"]
[Date "2024.02.20"]
[Round "7"]
[White "Lucky_Puncher"]
[Black "Leonid_Starozhilov"]
[Result "0-1"]
[WhiteElo "2507"]
[BlackElo "2680"]
[TimeControl "180+1"]
[EndTime "9:19:21 PST"]
[Termination "Leonid_Starozhilov won by resignation"]

1. d4 Nf6 2. c4 g6 3. Nc3 Bg7 4. e4 d6 5. h3 c5 6. d5 e6 7.
Nf3 exd5 8. cxd5 O-O 9. Be3 b5 10. e5 dxe5 11. Bxb5 Nbd7 12. Nd2 a6 13. Bc6 Rb8 14.
Nc4 Rb4 15. b3 e4 16. O-O Ng4 17. Nxe4 Nxe3 18. fxe3 Ne5 19. Rc1 Bf5 20. Nxc5 Nxc4 21.
Rxc4 Rxc4 22. bxc4 Qb6 23. Nb3 Qxe3+ 24. Kh1 Be4 25.
Qg4 f5 26. Qh4 Bf6 27. Qf2 Qxh3+ 28. Kg1 Qg4 29. Nd2 Bd4 30. Nxe4 Qxe4 0-1

[Event "Early-Titled-Tuesday-Blitz-February-20-2024"]
[Site "Chess.com"]
[Date "2024.02.20"]
[Round "7"]
[White "Ali_rastbod"]
[Black "CristianS27"]
[Result "1-0"]
[WhiteElo "2694"]
[BlackElo "2551"]
[TimeControl "180+1"]
[EndTime "9:19:22 PST"]
[Termination "Ali_rastbod won by checkmate"]

1. d4 Nf6 2. Nc3 g6 3. e4 d6 4. Be3 Bg7 5. Qd2 c6 6. f3 b5 7. Bh6 Bxh6 8. Qxh6 b4 9. Na4 Nbd7 10. Qd2 Qa5 11. b3 Nb6 12. Nb2 c5 13. d5 Ba6 14.
Bxa6 Qxa6 15. Ne2 O-O 16. O-O Rfc8 17. c4 Qb7 18. a4 bxa3 19. Rxa3 Nbd7 20. Rfa1 Rcb8 21.
Nd3 Ne8 22. f4 Ng7 23. g4 a5 24. e5 dxe5 25. fxe5 Qc7 26. Qe3 e6 27. d6 Qc6 28.
Ng3 Rb7 29. Ne4 Rab8 30. Nexc5 Nxc5 31. Nxc5 Rb4 32. Ne4 h5 33. Nf6+ Kf8 34. Qh6 Qc5+ 35. Kf1 Qxe5 36. Qh8# 1-0

[Event "Early-Titled-Tuesday-Blitz-February-20-2024"]
[Site "Chess.com"]
[Date "2024.02.20"]
[Round "7"]
[White "MdChess1734"]
[Black "TemploVillamarin"]
[Result "1-0"]
[WhiteElo "2383"]
[BlackElo "2211"]
[TimeControl "180+1"]
[EndTime "9:19:24 PST"]
[Termination "MdChess1734 won on time"]

1. e4 d5 2. exd5 Qxd5 3. Nc3 Qa5 4. Bc4 Nf6 5. d3 Bg4 6. f3 Bf5 7. Bd2 c6 8. Qe2 Nbd7 9. g4 Bg6 10. Nb5 Qb6 11. Nd6+ Kd8 12. Nxf7+ Bxf7 13. Bxf7 Qxb2 14. Rd1 e5 15. Nh3 Bc5 16. Ng5 Ke7 17. Bb3 h6 18. Ne6 Nd5 19. Nxg7 Raf8 20. Rf1 Rhg8 21. Nf5+ Kd8 22. Bxh6 Nc3 23. Bc1 Nxe2 24. Bxb2 Nf4 25. Bxg8 Rxg8 26. Kd2 Rh8 27. h4 Ng6 28. h5 1-0

[Event "Early-Titled-Tuesday-Blitz-February-20-2024"]
[Site "Chess.com"]
[Date "2024.02.20"]
[Round "7"]
[White "BilodeauA"]
[Black "BogdanDeac"]
[Result "1/2-1/2"]
[WhiteElo "3038"]
[BlackElo "3051"]
[TimeControl "180+1"]
[EndTime "9:19:25 PST"]
[Termination "Game drawn by agreement"]

1. e4 e5 2. Nf3 Nc6 3. Bc4 Nf6 4.
d3 Bc5 5. h3 d6 6. a3 a6 7. Be3 Bxe3 8. fxe3 Ne7 9. Nc3 Ng6 10. O-O O-O 11. Qe1 b5 12. Ba2 Be6 13.
Nh4 Bxa2 14. Rxa2 Nxe4 15. Nxg6 Nxc3 16. Nxf8 Nxa2 17. Nxh7 Kxh7 18. Rxf7 Qg5 19. Rf3 Re8 20. Qb1 e4 21. dxe4 Rxe4 22. c3 Qe5 23. Qxa2 Rxe3 24. Qb1+ Qe4 25. Qxe4+ Rxe4 26. Rf7 c5 27. Ra7 Re2 28.
Rxa6 Rxb2 29. Rxd6 Rb3 30. Rb6 Rxa3 31. Rxb5 Rxc3 32. Kf2 Rc2+ 1/2-1/2

[Event "Early-Titled-Tuesday-Blitz-February-20-2024"]
[Site "Chess.com"]
[Date "2024.02.20"]
[Round "7"]
[White "DACF2905"]
[Black "cmunda"]
[Result "1-0"]
[WhiteElo "2383"]
[BlackElo "2128"]
[TimeControl "180+1"]
[EndTime "9:19:27 PST"]
[Termination "DACF2905 won on time"]

1. e4 c5 2. Nf3 Nc6 3. d4 cxd4 4. Nxd4 e6 5. Nc3 Nf6 6. Nxc6 bxc6 7. Bd3 d5 8. exd5 exd5 9. O-O Bd6 10. h3 O-O 11. Re1 Be6 12. Bg5 Bc7 13. Ne2 Rb8 14. Rb1 Rb4 15.
Qd2 a5 16. c3 Rb8 17. Nd4 Qd6 18. Nf3 Nh5 19. Re2 Nf4 20. Bxf4 Qxf4 21. Qxf4 Bxf4 22. Nd4 Bd7 23. Re7 Rfd8 24. Bf5 Bxf5 25. Nxf5 g6 26. Nd4 Rd6 27. g3 Bd2 28. Nb3 Bg5 29. Ra7 Re6 30. Rxa5 Be7 31. Kg2 Re2 32. Nd4 Rexb2 33. Rxb2 Rxb2 34.
Nxc6 Bf6 35. Rxd5 Rxa2 36. Rc5 Rc2 37. Nd4 Rc1 38. Ne2 Rc2 39. Kf3 h5 40. h4 Kf8 41.
Rc7 Ke8 42. c4 Be5 43. Rc5 Bf6 44. Rc6 Ke7 45. Nf4 Bd4 46. Nd5+ Kd7 47. Rc7+ Kd6 48. Ke4 Bxf2 49. Rxf7 Bxg3 50. Rf6+ Kd7 51. Rxg6 Bxh4 52.
Kd3 Rc1 53. Rh6 Bf2 54. Rxh5 Bc5 55. Rh6 Rd1+ 56. Kc2 Rd4 57. Kc3 Rg4 58. Nf6+ 1-0

[Event "Early-Titled-Tuesday-Blitz-February-20-2024"]
[Site "Chess.com"]
[Date "2024.02.20"]
[Round "7"]
[White "platy3"]
[Black "fighter2jz"]
[Result "0-1"]
[WhiteElo "2952"]
[BlackElo "2802"]
[TimeControl "180+1"]
[EndTime "9:19:28 PST"]
[Termination "fighter2jz won on time"]

1. e4 c5 2. Nf3 d6 3. Bb5+ Bd7 4. Bxd7+ Nxd7 5. O-O Ngf6 6. Qe2 g6 7. b3 Bg7 8. Bb2 O-O 9. c4 Nh5 10. Bxg7 Kxg7 11. d4 cxd4 12. Nxd4 e5 13. Nf3 Nc5 14. Nc3 f5 15. Rad1 Nf4 16. Qe3 Nxe4 17. Nxe4 fxe4 18. Qxe4 Qe7 19. Rfe1 Rf7 20. c5 dxc5 21. Nxe5 Re8 22. Nxf7 Qxe4 23. Rxe4 Rxe4 24. Nd6 Rd4 25. Rxd4 cxd4 26.
g3 d3 27. Ne4 Ne2+ 28. Kf1 Nc1 29. Ke1 Nxa2 30. Nc5 b6 31. Nxd3 Nc3 32. Kd2 Nd5 33. Ne5 Kf6 34. Nc6 a5 35. Kd3 Kf5 36. Kc4 Nc7 37. f3 b5+ 38. Kc5 a4 39. bxa4 bxa4 40.
Kb4 Ne6 41. Kxa4 Ng5 42. f4 Nf3 43. Kb4 Nxh2 44. Kc4 Nf1 0-1

[Event "Early-Titled-Tuesday-Blitz-February-20-2024"]
[Site "Chess.com"]
[Date "2024.02.20"]
[Round "7"]
[White "Zavgorodniy_Sergiy"]
[Black "sokidze"]
[Result "0-1"]
[WhiteElo "2617"]
[BlackElo "2791"]
[TimeControl "180+1"]
[EndTime "9:19:28 PST"]
[Termination "sokidze won by checkmate"]

1. d4 d5 2. c4 e6 3. Nf3 Nf6 4. e3 Bd6 5. Nbd2 O-O 6. Bd3 c5 7. dxc5 Bxc5 8. a3 a5 9. b3 Nc6 10. Bb2 d4 11. exd4 Nxd4 12. O-O Nxf3+ 13. Nxf3 b6 14. Qe2 Bb7 15. Ne5 Qe7 16. Rfd1 Rfd8 17. Kf1 g6 18. h3 Nh5 19. g3 Qf6 20. Ng4 Qg5 21. h4 Qe7 22. Qe5 f6 23. Nxf6+ Qxf6 24.
Qxf6 Nxf6 25. Bxf6 Rf8 26. b4 Bxf2 27. Kxf2 Rxf6+ 28. Kg1 Rf3 29. Kh2 Rf2+ 30. Kh3 Bg2+ 31. Kg4 Bf3+ 32.
Kg5 Kg7 33. Rf1 Rf8 34. h5 h6+ 35. Kh4 Rh2# 0-1

[Event "Early-Titled-Tuesday-Blitz-February-20-2024"]
[Site "Chess.com"]
[Date "2024.02.20"]
[Round "7"]
[White "viktorgen2021"]
[Black "Dubs123"]
[Result "0-1"]
[WhiteElo "2529"]
[BlackElo "2392"]
[TimeControl "180+1"]
[EndTime "9:19:29 PST"]
[Termination "Dubs123 won by resignation"]

1. d4 Nf6 2. Nf3 b6 3. g3 Bb7 4. Bg2 e6 5. O-O Be7 6. a4 a5 7. c3 O-O 8. Bg5 h6 9. Bxf6 Bxf6 10. Nbd2 d6 11. e4 Nd7 12. Re1 e5 13. d5 Be7 14.
Nf1 Ba6 15. Ne3 Nc5 16. Nf5 Qd7 17. Bh3 Qe8 18. Bf1 Bxf1 19. Kxf1 Bf6 20. Qc2 Qd7 21.
h4 g6 22. Ne3 Bg7 23. Kg2 f5 24. h5 fxe4 25. Nh4 g5 26. Ng6 Rf3 27. Nf1 Qg4 28.
Nh2 Qxh5 29. Rxe4 Nxe4 30. Qxe4 Rxf2+ 31. Kxf2 Qxh2+ 32. Kf3 Qxb2 33. Rf1 Re8 34. Kg4 Qxc3 35. Qf5 Qd4+ 36. Kh5 Qxd5 37. Qd7 Qe6 38. Qxc7 Qh3+ 39. Nh4 Qxf1 40. Qc4+ Qf7+ 0-1

[Event "Early-Titled-Tuesday-Blitz-February-20-2024"]
[Site "Chess.com"]
[Date "2024.02.20"]
[Round "7"]
[White "Karttunen"]
[Black "Lion-Al-Messi"]
[Result "1-0"]
[WhiteElo "2681"]
[BlackElo "2541"]
[TimeControl "180+1"]
[EndTime "9:19:30 PST"]
[Termination "Karttunen won by checkmate"]

1. e4 e6 2. d4 d5 3. Nc3 Nf6 4. e5 Nfd7 5. f4 c5 6. Nf3 Nc6 7. Be3 a6 8. Qd2 b5 9. a3 Qb6 10. Ne2 Bb7 11. Ng3 g6 12. Be2 h5 13. O-O h4 14. Nh1 h3 15. g4 O-O-O 16. b4 cxb4 17. axb4 Bxb4 18. c3 Be7 19. Qa2 Qc7 20. Ng3 Nb6 21. Rfb1 Nc4 22. Bf2 Rdg8 23. g5 Kd7 24. Nf1 Ra8 25. Ne3 Ke8 26. Ng4 Rc8 27. Bd3 b4 28. Bxc4 dxc4 29. Qxc4 Qd7 30. Qb3 Kf8 31. c4 a5 32. Rd1 Nb8 33. Nf6 Bxf6 34. gxf6 Qc6 35.
d5 Qxc4 36. Qxc4 Rxc4 37. dxe6 fxe6 38. Rd8+ Kf7 39. Ng5# 1-0

[Event "Early-Titled-Tuesday-Blitz-February-20-2024"]
[Site "Chess.com"]
[Date "2024.02.20"]
[Round "7"]
[White "azikom"]
[Black "emeli_chess"]
[Result "1-0"]
[WhiteElo "2661"]
[BlackElo "2415"]
[TimeControl "180+1"]
[EndTime "9:19:30 PST"]
[Termination "azikom won by resignation"]

1. f4 e5 2. fxe5 d6 3. exd6 Bxd6 4. Nf3 g5 5. d4 g4 6. Ne5 Nf6 7. Nc3 Nc6 8. Bf4 Nh5 9. Nxc6 bxc6 10. Bxd6 cxd6 11.
Qd3 Be6 12. e4 Qa5 13. d5 Nf4 14. Qd4 O-O 15. dxe6 Nxe6 16. Qa4 Qg5 17. Be2 Qe3 18.
Nd1 Qb6 19. Qb3 Qa5+ 20. Qc3 Qb6 21. Bxg4 Nd4 22. Qd3 f5 23. Bxf5 Nxf5 24. exf5 Rae8+ 25. Kf1 Qa5 26. Ne3 Rxe3 27. Qxe3 Qxf5+ 28. Kg1 Qxc2 29. h4 Qxb2 30. Re1 c5 31. Rh3 Rf6 32. Rg3+ Rg6 33. Rxg6+ hxg6 34. Qe6+ Kg7 35. Qxd6 Qc3 36. Qe5+ 1-0

[Event "Early-Titled-Tuesday-Blitz-February-20-2024"]
[Site "Chess.com"]
[Date "2024.02.20"]
[Round "7"]
[White "Barmen_EV"]
[Black "IngOscarArdila"]
[Result "1-0"]
[WhiteElo "2509"]
[BlackElo "2242"]
[TimeControl "180+1"]
[EndTime "9:19:32 PST"]
[Termination "Barmen_EV won by resignation"]

1. e4 e5 2. Nf3 Nf6 3. Nc3 Nc6 4. Bb5 Bb4 5. O-O O-O 6. Bxc6 bxc6 7. d3 d6 8. h3 h6 9. a3 Ba5 10. Be3 Qe7 11. Qd2 Rb8 12. b4 Bb6 13. Rfe1 Nh5 14. d4 Qf6 15. dxe5 dxe5 16. Bxb6 cxb6 17. Qe3 Nf4 18. Ne2 Nxe2+ 19. Rxe2 Be6 20. Qc3 Rbc8 21. Qxe5 Qxe5 22. Nxe5 Rfd8 23. Nf3 Bc4 24. Rd2 Rxd2 25. Nxd2 Be6 26. Kf1 Rd8 27. Ke2 f6 28. a4 Kf7 29.
a5 b5 30. Rc1 Rd4 31. c3 Bc4+ 32. Nxc4 Rxc4 33. Kd3 c5 34. Rb1 a6 35. f4 Ke6 36.
g4 g5 37. fxg5 hxg5 38. bxc5 Ke5 39. Rf1 Ra4 40. Rf5+ Ke6 41. c6 Rc4 42. e5 fxe5 43.
Rxg5 e4+ 44. Kd2 Kf6 45. Rf5+ Ke6 46. h4 Rxc6 47. h5 e3+ 48. Kxe3 Rxc3+ 49. Kf4 Rc4+ 50. Kg5 b4 51. h6 b3 52. Rf6+ Ke5 53. Rb6 Rc5 54.
Rxb3 Rxa5 55. h7 Ke6+ 56. Kg6 Ra4 57. h8=Q Rxg4+ 58. Kh5 Rg2 59. Qe8+ 1-0

[Event "Early-Titled-Tuesday-Blitz-February-20-2024"]
[Site "Chess.com"]
[Date "2024.02.20"]
[Round "7"]
[White "vugarrasulov"]
[Black "Durarbayli"]
[Result "1-0"]
[WhiteElo "2954"]
[BlackElo "2981"]
[TimeControl "180+1"]
[EndTime "9:19:33 PST"]
[Termination "vugarrasulov won on time"]

1. e4 e6 2. d4 d5 3. exd5 exd5 4. Nf3 Nc6 5. h3 Bd6 6. c4 dxc4 7. Bxc4 Nf6 8. O-O O-O 9. Nc3 h6 10. Qc2 Nb4 11. Qb1 c6 12. Bxh6 gxh6 13. Qg6+ Kh8 14. Qxh6+ Nh7 15. Ne4 Be7 16. Ne5 Nd5 17. Bd3 Bf5 18.
Rae1 f6 19. Nd6 Bxd6 20. Bxf5 Qc7 21. Ng6+ Kg8 22. Nxf8 Rxf8 23. Re4 Bf4 24. Rxf4 Nxf4 25. Bxh7+ Kf7 26. Bf5 Rg8 27. g3 Ne2+ 28. Kh1 Nxd4 29. Bd3 Qd7 30. Bc4+ 1-0

[Event "Early-Titled-Tuesday-Blitz-February-20-2024"]
[Site "Chess.com"]
[Date "2024.02.20"]
[Round "7"]
[White "lamomiajunior"]
[Black "Hikaru"]
[Result "0-1"]
[WhiteElo "2729"]
[BlackElo "3254"]
[TimeControl "180+1"]
[EndTime "9:19:34 PST"]
[Termination "Hikaru won by resignation"]

1. d4 a5 2. e4 c6 3. Nf3 d5 4. e5 Bg4 5. Be2 Bxf3 6. Bxf3 e6 7. O-O Ne7 8. Be3 c5 9. c3 Nbc6 10. dxc5 Nxe5 11. Be2 Nf5 12. Bb5+ Nc6 13. Bd4 Be7 14. Nd2 O-O 15. Nf3 f6 16. Qc2 Qc8 17. Bxc6 bxc6 18.
b4 e5 19. Be3 axb4 20. cxb4 d4 21. Bd2 Rd8 22. Qc4+ Kh8 23. a4 e4 24. Ne1 Rd5 25. Nc2 Nh4 26. Bf4 Nf5 27. Rfe1 d3 28. Ne3 Nxe3 29.
Bxe3 f5 30. a5 Bf6 31. Rad1 Be5 32. f3 Qe6 33. fxe4 fxe4 34. Bf2 Bxh2+ 35. Kf1 Rf8 36. Qxe4 Rxf2+ 37. Kxf2 Rf5+ 38. Qxf5 Qxf5+ 39. Ke3 Bf4+ 40. Kd4 Qd5+ 41. Kc3 Be5+ 42. Kd2 h5 43. a6 Qa2+ 44.
Kxd3 Qxa6+ 45. Ke4 Bc3 46. Kf5 Qc8+ 47. Re6 Kh7 48. Rd6 Bxb4 49. Rxc6 Qf8+ 50. Ke4 Qf2 51. Kd5 Qxg2+ 52. Kc4 Ba3 53. Red6 h4 54. Rd4 Qxc6 0-1

[Event "Early-Titled-Tuesday-Blitz-February-20-2024"]
[Site "Chess.com"]
[Date "2024.02.20"]
[Round "7"]
[White "AvitalBor"]
[Black "Sam_ChessMood"]
[Result "0-1"]
[WhiteElo "2764"]
[BlackElo "2939"]
[TimeControl "180+1"]
[EndTime "9:19:35 PST"]
[Termination "Sam_ChessMood won by resignation"]

1. a3 e5 2. c4 Nf6 3. Nc3 d5 4.
cxd5 Nxd5 5. e4 Nf6 6. Nf3 Nc6 7. Bb5 Bd6 8. d4 exd4 9. Nxd4 O-O 10. Nxc6 bxc6 11.
Bxc6 Rb8 12. h3 Ba6 13. b4 Rb6 14. b5 Rxc6 15. bxc6 Re8 16. Be3 Nxe4 17. Qa4 Qf6 18. Rc1 Nc5 19. Nd5 Nxa4 20. Nxf6+ gxf6 21. Kd2 Nb6 22.
Bd4 Bf4+ 23. Kc3 Bxc1 24. Rxc1 Re6 25. Kb4 Kg7 26. f3 Be2 27. a4 Kg6 28. a5 Nc8 29.
h4 h5 30. Rc5 Ne7 31. Bf2 Nxc6+ 32. Ka4 a6 0-1

[Event "Early-Titled-Tuesday-Blitz-February-20-2024"]
[Site "Chess.com"]
[Date "2024.02.20"]
[Round "7"]
[White "noblerone"]
[Black "InitiatingASC"]
[Result "1/2-1/2"]
[WhiteElo "2527"]
[BlackElo "2399"]
[TimeControl "180+1"]
[EndTime "9:19:35 PST"]
[Termination "Game drawn by stalemate"]

1. d4 d5 2. c4 e6 3. Nc3 c5 4.
cxd5 exd5 5. Nf3 Nc6 6. dxc5 d4 7. Na4 Bxc5 8. Nxc5 Qa5+ 9. Bd2 Qxc5 10. g3 Nf6 11. Bg2 O-O 12. O-O Qh5 13. Re1 Bh3 14. Bf4 Bxg2 15. Kxg2 Rad8 16. Rc1 Nd5 17. Qd2 h6 18. h4 Qg4 19. a3 Nxf4+ 20. Qxf4 Qxf4 21. gxf4 d3 22.
exd3 Rxd3 23. Ne5 Nxe5 24. fxe5 Rd2 25. b4 Rfd8 26. Rc7 R8d7 27. Rec1 Kh7 28. h5 R2d5 29. Rxd7 Rxd7 30. f4 Rd2+ 31. Kg3 Rd3+ 32. Kg4 Rxa3 33. Rc7 b5 34. Rxf7 a5 35. bxa5 Rxa5 36. Rb7 Kg8 37. Kf5 Kf8 38. Kg6 Ra6+ 39. Kh7 Ra4 40. f5 Rf4 41.
Rb8+ Kf7 42. e6+ Ke7 43. Rxb5 Kf6 44. Rb7 Rxf5 45. Rf7+ Kxe6 46. Rxf5 Kxf5 47. Kxg7 Ke6 48. Kxh6 Kf6 49. Kh7 Kf7 50. h6 Kf8 51. Kg6 Kg8 52.
h7+ Kh8 53. Kh6 1/2-1/2

[Event "Early-Titled-Tuesday-Blitz-February-20-2024"]
[Site "Chess.com"]
[Date "2024.02.20"]
[Round "7"]
[White "GMT4114"]
[Black "poummba"]
[Result "0-1"]
[WhiteElo "2044"]
[BlackElo "2378"]
[TimeControl "180+1"]
[EndTime "9:19:36 PST"]
[Termination "poummba won on time"]

1. e4 c5 2. Nc3 g6 3. d4 cxd4 4. Qxd4 Nf6 5. Be3 Nc6 6. Qd2 Ng4 7. Bf4 Bg7 8. f3 Nf6 9. Bh6 O-O 10.
O-O-O Qa5 11. Bxg7 Kxg7 12. Nge2 d6 13. h4 h5 14. Nf4 Bd7 15. g4 hxg4 16. h5 Rh8 17. h6+ Kh7 18. Bc4 Ne5 19. Bb3 gxf3 20. Rdg1 Rac8 21.
Bxf7 Rxc3 22. bxc3 Nxf7 23. Rxg6 Rg8 24. Rhg1 Rxg6 25.
Rxg6 Ne5 26. Rg7+ Kh8 27. Rxe7 Qxa2 28. Kd1 Qb1+ 29. Qc1 Qxc1+ 30. Kxc1 f2 0-1

[Event "Early-Titled-Tuesday-Blitz-February-20-2024"]
[Site "Chess.com"]
[Date "2024.02.20"]
[Round "7"]
[White "annamaja"]
[Black "Viacheslav92"]
[Result "0-1"]
[WhiteElo "2396"]
[BlackElo "2551"]
[TimeControl "180+1"]
[EndTime "9:19:37 PST"]
[Termination "Viacheslav92 won on time"]

1. e4 e5 2. Nf3 Nc6 3. Bb5 a6 4.
Ba4 Nf6 5. d3 b5 6. Bb3 Bc5 7. O-O d6 8. c3 O-O 9. a4 Rb8 10. h3 Bb6 11. Be3 Nh5 12. Bxb6 Rxb6 13. axb5 axb5 14. Nxe5 Nxe5 15. Qxh5 Nxd3 16. Qe2 Nf4 17.
Qf3 Qf6 18. Kh2 Be6 19. Bc2 b4 20. Ra7 bxc3 21. Nxc3 Rxb2 22. Rxc7 Rxc2 23. Nd5 Nxd5 24. Rxc2 Qxf3 25. gxf3 Nf4 26. Rd2 Nxh3 27. Rxd6 Nf4 28. Rfd1 g5 29. Rd8 Rxd8 30. Rxd8+ Kg7 31. Kg3 h5 32.
Kh2 h4 33. Rb8 Kf6 34. Ra8 Ng6 35. Ra3 Ne5 36. Kg2 Ng6 37. Ra5 Nf4+ 38. Kh2 Bc4 39. Rc5 Be2 40. Rf5+ Kg6 41. Ra5 Bxf3 42. e5 Bd5 43.
Ra6+ Be6 44. Ra5 Kf5 45. f3 Ng6 46. Ra4 Nxe5 47. Kg2 Bd5 48. Kf2 Bxf3 49. Ra5 f6 0-1

[Event "Early-Titled-Tuesday-Blitz-February-20-2024"]
[Site "Chess.com"]
[Date "2024.02.20"]
[Round "7"]
[White "AnaKuchava"]
[Black "ProChessWICTH"]
[Result "0-1"]
[WhiteElo "2205"]
[BlackElo "2478"]
[TimeControl "180+1"]
[EndTime "9:19:37 PST"]
[Termination "ProChessWICTH won on time"]

1. d4 Nf6 2. Nf3 g6 3. c4 Bg7 4. Nc3 d5 5. Bg5 Ne4 6. Bf4 Nxc3 7. bxc3 c5 8. e3 O-O 9. Be2 Nc6 10. O-O dxc4 11.
Bxc4 b6 12. Qe2 Na5 13. Bd3 Bb7 14. h3 Bxf3 15. Qxf3 e5 16. Bg3 exd4 17. cxd4 cxd4 18. exd4 Qxd4 19. Rad1 Qa4 20. Be4 Rad8 21. Bd5 Rd7 22.
Rfe1 b5 23. Bh4 Nc4 24. Be7 Ne5 25. Rxe5 Bxe5 26. Bxf8 Kxf8 27. Bb3 Rxd1+ 28. Qxd1 Qd4 29. Qxd4 Bxd4 30. Kf1 f6 31. Ke2 Ke7 32. f3 Kd6 33. Kd3 Kc5 34. Bg8 h6 0-1